 Dungeon Crawl Stone Soup version 0.31-a0-692-gf03d1854d5 (webtiles) character file.

Game seed: 2712976607531747957

87 qw the Shooter (level 4, 0/28 HPs)
             Began as a Gargoyle Hunter on Sept 6, 2023.
             Slain by a worm (4 damage)
             ... on level 3 of the Dungeon.
             The game lasted 00:00:37 (1097 turns).

qw the Shooter (Gargoyle Hunter)                    Turns: 1097, Time: 00:00:37

Health: 0/28       AC:  6    Str: 14    XL:     4   Next: 51%
Magic:  4/4        EV: 12    Int: 10    God:
Gold:   123        SH:  0    Dex: 21    Spells: 3/3 levels left

rFire   . . .        Y - +0 shortbow
rCold   . . .        (shield currently unavailable)
rNeg    + . .        c - +0 leather armour
rPois   inf          (no helmet)
rElec   +            (no cloak)
rCorr   .            (no gloves)
SInv    .            (no boots)
Will    +....        (no amulet)
Stlth   ++           f - ring of willpower
HPRegen 0.24/turn    g - +6 ring of dexterity
MPRegen 0.09/turn

%: no passive effects
@: no status effects
A: sickness immunity, AC +3, negative energy resistance 1, electricity
resistance, torment resistance 1, petrification resistance
a: no special abilities


You were on level 3 of the Dungeon.
You visited 1 branch of the dungeon, and saw 3 of its levels.

You collected 123 gold pieces.


Innate Abilities, Weirdness & Mutations

You are immune to sickness and miasma.
Your stone body is resilient. (AC +3)
You are immune to poison.
You resist negative energy. (rN+)
You are resistant to electric shocks. (rElec)
You are resistant to unholy torment.
You are immune to petrification.


   Skills:
 - Level 3.0 Fighting
 + Level 5.5 Ranged Weapons
 - Level 1.5 Dodging
 - Level 1.1 Stealth


You had 3 spell levels left.
You didn't know any spells.
Your spell library was empty.

Inventory:

Hand Weapons
 Y - a +0 shortbow (weapon)
Armour
 c - a +0 leather armour (worn)
 h - a +0 ring mail
Jewellery
 f - a ring of willpower (left hand)
 g - a +6 ring of dexterity (right hand)
Scrolls
 e - a scroll of identify {unknown}
 i - a scroll of revelation {unknown}
 j - a scroll of teleportation {unknown}
Potions
 a - a potion of curing {unknown}
 b - a potion of attraction {unknown}
 d - a potion of heal wounds {unknown}

Dungeon Overview and Level Annotations

Branches:
Dungeon (3/15)

Altars:


Message History

An orc comes into view. It is wielding a +0 flail.
The orc hits you but does no damage.
You shoot an arrow.
The arrow hits the orc but does no damage.
The orc hits you but does no damage. The orc barely misses you.
You shoot an arrow. The arrow hits the orc.
The orc is lightly wounded.
The orc closely misses you. The frilled lizard barely misses you.
The orc hits you with a +0 flail.
You shoot an arrow.
The arrow hits the orc but does no damage.
The orc is lightly wounded.
The frilled lizard barely misses you. The orc hits you with a +0 dagger.
The orc hits you with a +0 flail.
You shoot an arrow. The arrow barely misses the orc.
The arrow hits the hobgoblin.
You kill the hobgoblin!
The frilled lizard closely misses you. The orc closely misses you.
The goblin shoots a sling bullet.
The sling bullet hits you but does no damage.
You shoot an arrow. The arrow closely misses the orc.
The arrow hits the orc.
The orc is lightly wounded.
The frilled lizard bites you but does no damage.
The orc barely misses you. x2; The orc closely misses you.
The orc barely misses you.
The frilled lizard bites you but does no damage.
The worm misses you.
You shoot an arrow. The arrow hits the orc.
The orc is almost dead.
The orc closely misses you. The frilled lizard closely misses you.
The orc hits you with a +0 flail.
You shoot an arrow.
The arrow hits the orc but does no damage.
The orc is almost dead.
The worm bites you. The frilled lizard barely misses you.
The orc hits you but does no damage. The orc barely misses you.
You shoot an arrow. The arrow hits the orc.
You kill the orc!
The frilled lizard bites you. The orc misses you. The worm bites you.
You die...

... .... %%.. ##
.....#. ....%#.
......)###
#...wo#####
#go@....#
##l####.... #..#
# ###.#
#.#.######.
#..........
##.###.#########
#.###.#.......#
#...#.#.......#


You could see a worm, 2 orcs, a goblin and a frilled lizard.

Vanquished Creatures
  2 adders
  A dart slug (D:1)
  7 orcs (D:3)
  2 ball pythons
  7 endoplasms
  A giant cockroach (D:2)
  6 goblins
  5 hobgoblins
  3 jackals (D:3)
  5 kobolds
  4 quokkas
  A bat (D:3)
  2 frilled lizards
  8 rats
54 creatures vanquished.

Notes
Turn   | Place    | Note
-------+----------+-------------------------------------------
     0 | D:1      | qw the Gargoyle Hunter began the quest for the Orb.
     0 | D:1      | Reached XP level 1. HP: 12/12 MP: 1/1
     0 | D:1      | 0 ||| qw: Version: 0.3-a-76-g4403597
     0 | D:1      | 0 ||| qw: Game counter: 92
     0 | D:1      | 0 ||| qw: Melee chars always use a shield: true
     0 | D:1      | 0 ||| qw: God list: Okawaru
     0 | D:1      | 0 ||| qw: Allow faded altars: false
     0 | D:1      | 0 ||| qw: Do Orc after clearing Dungeon:15 true
     0 | D:1      | 0 ||| qw: Do second Lair branch before Depths: true
     0 | D:1      | 0 ||| qw: Lair rune preference: random
     0 | D:1      | 0 ||| qw: Goals: Normal
     0 | D:1      | 0 ||| PLANNING D:1-11
    59 | D:1      | Reached XP level 2. HP: 17/17 MP: 2/2
   405 | D:1      | Reached XP level 3. HP: 21/21 MP: 3/3
   476 | D:1      | 476 ||| UPGRADING to ring of willpower.
   477 | D:1      | 477 ||| UPGRADING to +6 ring of dexterity.
   478 | D:1      | 478 ||| READING scroll labelled SEN YSSOKOT.
   479 | D:1      | 479 ||| DROPPING scroll of butterflies.
   541 | D:2      | Reached skill level 5 in Ranged Weapons
   853 | D:2      | 853 ||| READING scroll labelled APNIRY SIUJUU.
   877 | D:3      | Reached skill level 3 in Fighting
   895 | D:3      | Reached XP level 4. HP: 28/28 MP: 4/4
  1081 | D:3      | 1081 ||| FLEEEEING.
  1082 | D:3      | 1082 ||| Stepping ~*~*~tactically~*~*~ (outnumbered).
  1096 | D:3      | HP: 5/28 [worm (5)]
  1097 | D:3      | Slain by a worm

Levels and vault maps discovered:
D:1:      giann_bridges, layout_basic, nicolae_figureground_pulse
D:2:      layout_basic, grunt_decor_resistance
D:3:      layout_rooms, bloody_makhleb, shapermc_ecumenical_altar_mp_highgroup,
          minmay_pentomino_pile, uniq_sigmund, uniq_natasha

Skill      XL: |  1  2  3 |
---------------+----------+-----
Ranged Weapons | 5 |  5.5
Fighting       | 3 |  3.0
Dodging        | |  1.5
Stealth        | |  1.1

Action                     |  1- 3 |  4- 6 || total
---------------------------+-------+-------++-------
   Fire: Shortbow          |   104 |    52 ||   156
    Use: Scroll            |     2 |       ||     2
 Armour: Leather armour    |     8 |    27 ||    35
  Dodge: Dodged            |    17 |    34 ||    51

Table legend:
 A = Non-vault XP
 B = Vault XP
 C = Vault XP percentage of total XP
 D = Non-vault monster count
 E = Vault monster count
 F = Vault count percentage of total count
                 A         B        C        D         E       F
            +---------+---------+-------+---------+---------+-------
      Total |     117 |      11 |   8.6 |      49 |       5 |   9.3
            +---------+---------+-------+---------+---------+-------
        D:1 |      36 |       0 |   0.0 |      19 |       0 |   0.0
        D:2 |      31 |       0 |   0.0 |      11 |       0 |   0.0
        D:3 |      50 |      11 |  18.0 |      19 |       5 |  20.8
            +---------+---------+-------+---------+---------+-------
